 Dungeon Sprint DCSS version 0.16-a0-1196-ged0958e (webtiles) character file.

4400000 Gustav the Axe Maniac (level 21, -7/224 HPs)
             Began as a Ghoul Warper on Oct 10, 2014.
             Was a High Priest of Makhleb.
             Mangled by a destroyer
             ... wielding a +9 great sword of slicing
              (130 damage)
             ... in the Dungeon (Sprint VIII: "Arena of Blood").
             The game lasted 00:05:02 (44 turns).

Gustav the Axe Maniac (Ghoul Warper)                  Turns: 44, Time: 00:05:02

Health: -7/224     AC:  6    Str: 18    XL:     21   Next: 92%
Magic:  21/45      EV: 30    Int:  8    God:    Makhleb [*****.]
Gold:   0          SH:  0    Dex: 15    Spells: 1 memorised, 68 levels left

rFire  . . .     SeeInvis .     i - +∞ Axe of Woe
rCold  + . .     Clarity  .     b - +0 leather armour
rNeg   + + +     SustAb   .     (no shield)
rPois  +         Saprov   + + + (no helmet)
rElec  .         Spirit   .     (no cloak)
rCorr  .         Warding  .     (no gloves)
rMut   .         NoTele   +     (no boots)
MR     +....                    (no amulet)
Stlth  +.........               (no ring)
                                (no ring)

@: rotting, somewhat resistant to hostile enchantments, very unstealthy
A: rotting body, claws 1, carnivore 3, cold resistance 1, negative energy
resistance 3, poison resistance, saprovore 3, slow healing 1, torment
resistance, unbreathing
a: Minor Destruction, Lesser Servant of Makhleb, Major Destruction, Greater
Servant of Makhleb, Renounce Religion


You were in the Dungeon.
You worshipped Makhleb.
Makhleb was extremely pleased with you.
You were not hungry.

You visited 1 branch

Inventory:

Hand weapons
 i - the +∞ Axe of Woe (weapon)
   (You found it in the Dungeon)
Missiles
 e - 5 tomahawks of dispersal (quivered)
Armour
 b - a +0 leather armour (worn)
Scrolls
 d - 2 scrolls of blinking
Jewellery
 j - a +30 ring of slaying
 k - a +30 ring of slaying
Potions
 a - a potion of curing
 f - a potion of heal wounds
 g - a potion of haste
 h - 2 potions of magic
Books
 c - a book of Spatial Translocations

   Spells                             Type                      Level
   *Apportation                       Translocation                1
   Blink                              Translocation                2
   Shroud of Golubria                 Charms/Translocation         2
   Portal Projectile                  Translocation                3
   Teleport Other                     Translocation                3
   Passage of Golubria                Translocation                4


   Skills:
 O Level 27 Fighting
 O Level 27 Axes
 - Level 0.8 Throwing
 O Level 27 Armour
 O Level 27 Dodging
 - Level 2.1 Unarmed Combat
 + Level 24.8 Spellcasting
 O Level 27 Translocations
 O Level 27 Invocations


You had 68 spell levels left.
You knew the following spells:

 Your Spells              Type           Power        Failure   Level  Hunger
a - Apportation           Tloc           ######....   0%          1    None


Dungeon Overview and Level Annotations

Branches:
Dungeon (1/1)

Altars:
Makhleb


Innate Abilities, Weirdness & Mutations

Your body is rotting away.
You have sharp fingernails.
You are carnivorous and can eat meat at any time.
Your flesh is cold resistant.
You are immune to negative energy.
Your system is resistant to poisons.
You thrive on rotten meat.
You heal slowly when monsters are visible.
You are immune to unholy pain and torment.
You can survive without breathing.


Message History

The destroyer blinks!
You hear a shout!
Your Executioner hits the destroyer!!
Your Executioner barely misses the destroyer.
Your Executioner hits the destroyer.
You hear a shout!
The destroyer blinks!
The bag of meat hits your Executioner with a +9 war axe!
The bag of meat hits your cacodemon with a +9 war axe.
You hear a shout!
The destroyer is engulfed in roaring flames.
The destroyer hits you with a +9 great sword of slicing!!!!
The destroyer bites you but does no damage.
You hear a shout! x5
Your Executioner is engulfed in roaring flames.
Your Executioner hits the bag of meat!! Your Executioner hits the bag of meat!
Your Executioner hits the bag of meat.
The destroyer hits you with a +9 great sword of slicing!!!!
Ouch! That really hurt!
You die...

. . .o..##.##.
............
........#.#...
.......o........
..........%.....
#.....§o........
.....§V)21V.......
..§.oV.)2@V.§.§...
...C.#V)o1§..#%...
. #.)))o%%#
....###)o§.%..###.
.........###.......
.#........_........
......#.....#.....
......#_.<._#....
......#.....# .


You could see 5 destroyers, a large bag of meat (inner flame), 7 bags of meat, a
friendly cacodemon, a friendly green death and 2 friendly Executioners.

Vanquished Creatures
  A hill giant (D)
  6 ogres (D)
  28 orcs (D)
  5 vampire knights (D)
  A cacodemon (D)
41 creatures vanquished.

Vanquished Creatures (others)
  A green death (D)
1 creature vanquished.

Grand Total: 42 creatures vanquished

Notes
Turn   | Place    | Note
--------------------------------------------------------------
     0 | D        | Gustav, the Ghoul Warper, began the quest for the Orb.
     0 | D        | Reached XP level 1. HP: 17/17 MP: 2/2
     3 | D        | Became a worshipper of Makhleb the Destroyer
     6 | D        | Noticed a bag of meat
     6 | D        | Noticed a bag of meat
     6 | D        | Noticed a bag of meat
     7 | D        | Noticed a bag of meat
     7 | D        | Noticed a bag of meat
     8 | D        | Noticed a meat berserker
     9 | D        | Noticed a bag of meat
     9 | D        | Killed a bag of meat
     9 | D        | Reached skill level 19 in Axes
     9 | D        | Reached XP level 2. HP: 24/24 MP: 3/3
     9 | D        | Reached XP level 3. HP: 29/29 MP: 5/5
     9 | D        | Reached XP level 4. HP: 36/36 MP: 5/5
     9 | D        | Reached XP level 5. HP: 41/41 MP: 6/6
     9 | D        | Reached XP level 6. HP: 48/48 MP: 8/8
     9 | D        | Reached XP level 7. HP: 55/55 MP: 8/8
     9 | D        | Reached XP level 8. HP: 61/61 MP: 10/10
     9 | D        | Reached XP level 9. HP: 67/67 MP: 11/11
     9 | D        | Reached XP level 10. HP: 73/73 MP: 11/11
     9 | D        | Reached XP level 11. HP: 79/79 MP: 13/13
    10 | D        | Noticed a bag of meat
    10 | D        | Noticed a bag of meat
    10 | D        | Killed a bag of meat
    10 | D        | Acquired Makhleb's first power
    10 | D        | Reached skill level 22 in Axes
    10 | D        | Reached XP level 12. HP: 44/85 MP: 14/14
    10 | D        | Killed a bag of meat
    10 | D        | Reached skill level 23 in Axes
    10 | D        | Reached XP level 13. HP: 47/91 MP: 14/14
    10 | D        | Killed a bag of meat
    10 | D        | Reached skill level 25 in Axes
    10 | D        | Reached XP level 14. HP: 51/99 MP: 16/16
    11 | D        | Noticed a bag of meat
    11 | D        | Killed a bag of meat
    11 | D        | Acquired Makhleb's second power
    11 | D        | Reached skill level 26 in Axes
    11 | D        | Killed a meat berserker
    11 | D        | Reached skill level 27 in Axes
    11 | D        | Reached XP level 15. HP: 91/104 MP: 17/17
    12 | D        | Noticed a bag of meat
    12 | D        | Noticed a bag of meat
    12 | D        | Killed a bag of meat
    13 | D        | Noticed a meat berserker
    13 | D        | Noticed a meat berserker
    14 | D        | Noticed a bag of meat
    14 | D        | Noticed a bag of meat
    14 | D        | Noticed a bag of meat
    14 | D        | Noticed a bag of meat
    15 | D        | Killed a meat berserker
    15 | D        | Acquired Makhleb's third power
    16 | D        | Noticed a bag of meat
    16 | D        | Killed a bag of meat
    16 | D        | Reached skill level 27 in Dodging
    16 | D        | Reached XP level 16. HP: 109/118 MP: 16/18
    16 | D        | Killed a bag of meat
    18 | D        | Noticed a meat berserker
    18 | D        | Killed a bag of meat
    18 | D        | Killed a meat berserker
    18 | D        | Acquired Makhleb's fourth power
    19 | D        | Noticed a meat berserker
    20 | D        | Noticed a meat berserker
    20 | D        | Noticed a bag of meat
    20 | D        | Killed a bag of meat
    20 | D        | Reached XP level 17. HP: 155/168 MP: 16/18
    21 | D        | Noticed a bag of meat
    21 | D        | Noticed a large bag of meat
    21 | D        | Killed a meat berserker
    21 | D        | Killed a bag of meat
    21 | D        | Acquired Makhleb's fifth power
    21 | D        | Killed a meat berserker
    22 | D        | Noticed a bag of meat
    22 | D        | Noticed a bag of meat
    22 | D        | Noticed a bag of meat
    22 | D        | Killed a bag of meat
    22 | D        | Reached XP level 18. HP: 189/194 MP: 17/19
    22 | D        | Killed a bag of meat
    22 | D        | Killed a bag of meat
    22 | D        | Reached skill level 27 in Fighting
    23 | D        | Killed a meat berserker
    24 | D        | Noticed a bag of meat
    24 | D        | Killed a bag of meat
    24 | D        | Reached skill level 27 in Armour
    25 | D        | Noticed a bag of meat
    27 | D        | Noticed a bag of meat
    27 | D        | Noticed a destroyer
    27 | D        | Killed a bag of meat
    27 | D        | Reached XP level 19. HP: 207/207 MP: 17/20
    28 | D        | Noticed a destroyer
    28 | D        | Killed a large bag of meat
    28 | D        | Killed a bag of meat
    28 | D        | Killed a bag of meat
    29 | D        | Noticed a bag of meat
    30 | D        | Noticed a bag of meat
    30 | D        | Killed a bag of meat
    31 | D        | Killed a bag of meat
    31 | D        | Reached XP level 20. HP: 216/216 MP: 18/20
    31 | D        | Killed a bag of meat
    31 | D        | Reached skill level 27 in Translocations
    31 | D        | Killed a bag of meat
    32 | D        | Noticed a destroyer
    33 | D        | Killed a destroyer
    33 | D        | Killed a bag of meat
    33 | D        | Killed a bag of meat
    33 | D        | Killed a destroyer
    33 | D        | Reached skill level 27 in Invocations
    36 | D        | Noticed a destroyer
    36 | D        | Noticed a bag of meat
    37 | D        | Noticed a bag of meat
    37 | D        | Noticed a destroyer
    37 | D        | Killed a destroyer
    37 | D        | Reached XP level 21. HP: 130/224 MP: 19/41
    38 | D        | Noticed a bag of meat
    38 | D        | Killed a bag of meat
    38 | D        | Reached skill level 15 in Spellcasting
    38 | D        | Killed a bag of meat
    39 | D        | Noticed a bag of meat
    39 | D        | Noticed a bag of meat
    39 | D        | Noticed a bag of meat
    39 | D        | Noticed a destroyer
    40 | D        | Noticed a destroyer
    40 | D        | Noticed a destroyer
    41 | D        | Noticed a destroyer
    41 | D        | Noticed a destroyer
    41 | D        | Noticed a bag of meat
    41 | D        | Noticed a large bag of meat
    42 | D        | Killed a destroyer
    42 | D        | Killed a bag of meat
    42 | D        | Killed a bag of meat
    43 | D        | Noticed a bag of meat
    43 | D        | Killed a destroyer
    44 | D        | Mangled by a destroyer

Action                   |  1- 3 |  4- 6 |  7- 9 | 10-12 | 13-15 | 16-18 | 19-21 || total
-------------------------+-------+-------+-------+-------+-------+-------+-------++-------
Melee: Executioner's axe |     1 |       |       |     1 |     4 |     7 |     8 ||    21
 Cast: Apportation       |       |       |       |       |     1 |       |       ||     1
Invok: Greater Servant o |       |       |       |       |       |       |     6 ||     6
